Map: Magannatha LE

Players

Starcrest

  • Race: Terran Terran
  • League: Diamond
  • Spawn Location: 5:00

LigerMaNN - Winner!

  • Race: Zerg Zerg
  • League: Diamond
  • Spawn Location: 11:00

VOD

Have the link to the VOD?

Description

Time

  • Played on: June 3, 2025, 11:14 p.m.
  • Length: 17:30
Show
View Real Time Build Order
Export as new Build Order

Starcrest Terran 

Build Orders:  

Get SALT Encoding   

  12  0:00  SCV  
  13  0:12  SCV  
  14  0:17  Supply Depot  
  14  0:24  SCV  
  15  0:39  SCV  
  15  0:40  Barracks  
  16  0:45  Refinery  
  16  0:54  SCV  
  17  1:06  SCV  
  18  1:20  SCV  
  19  1:30  Command Center  
  19  1:37  Orbital Command  
  19  2:07  Command Center  
  19  2:09  Barracks Reactor  
  19  2:11  SCV  
  20  2:22  Supply Depot  
  20  2:28  SCV  
  21  2:36  Barracks  
  21  2:42  Orbital Command  
  21  2:50  SCV  
  22  2:51  Marine x2  
  22  3:05  SCV  
  22  3:12  Marine x2  
  25  3:14  Factory  
  25  3:19  Refinery  
  25  3:22  Barracks Tech Lab  
  25  3:27  Barracks  
  25  3:30  SCV  
  26  3:34  Orbital Command  
  26  3:38  Marine  
  26  3:39  Marine  
  28  3:42  Orbital Command  
  28  3:43  SCV  
  29  3:51  Stimpack  
  29  3:52  Marine  
  30  4:01  SCV x2  
  32  4:09  SCV  
  33  4:11  Marine x2  
  33  4:13  SCV x2  
  37  4:21  Bunker  
  37  4:22  SCV  
  38  4:25  SCV x2  
  40  4:34  SCV  
  40  4:38  SCV  
  42  4:39  SCV  
  42  4:42  Barracks Reactor  
  42  4:43  Factory Reactor, Starport  
  43  4:48  SCV  
  43  4:50  SCV  
  43  4:52  Marine x3  
  48  4:56  SCV  
  49  5:00  Supply Depot, SCV  
  49  5:02  SCV  
  51  5:08  Command Center  
  51  5:10  Marine x3  
  54  5:14  Starport  
  54  5:16  Orbital Command, SCV x2  
  56  5:30  Refinery  
  56  5:31  Marine x4, Combat Shield  
  56  5:33  Refinery  
  60  5:36  Supply Depot  
  60  5:38  SCV x2  
  60  5:41  Medivac  
  64  5:46  Medivac  
  66  5:53  SCV x3  
  66  5:56  Barracks, Starport Reactor  
  69  5:57  Supply Depot  
  69  5:58  Supply Depot, Barracks  
  69  5:59  Marine x4  
  69  6:00  Barracks  
  69  6:01  Marine  
  74  6:05  SCV x2  
  76  6:16  Factory Tech Lab  
  76  6:18  Medivac  
  76  6:19  Supply Depot  
  76  6:21  Supply Depot  
  76  6:22  Supply Depot, SCV x3  
  81  6:26  SCV  
  81  6:31  Marine x5  
  86  6:33  Medivac  
  86  6:34  SCV  
  91  6:48  Marine, Barracks Reactor  
  91  6:49  Marine x4, Barracks Reactor  
  91  6:50  Barracks Reactor  
  94  6:59  Refinery, SCV x3  
  94  7:00  Command Center  
  97  7:05  Medivac  
  97  7:06  Marine x3  
  102  7:09  Barracks  
  102  7:10  Marine x2  
  102  7:12  Medivac  
  106  7:24  Marine x2  
  98  7:40  Marine x6  
  98  7:41  Marine x3  
  98  7:42  Marine x2  
  93  7:49  Barracks  
  93  7:51  Barracks x2  
  93  7:57  Engineering Bay x2, SCV x4, Armory  
  93  7:58  Marine x3  
  97  8:02  Marine  
  101  8:06  Refinery  
  101  8:08  Barracks Reactor  
  101  8:09  SCV x3  
  101  8:10  Marine  
  101  8:11  Marine x3  
  108  8:39  Marine  
  108  8:40  Marine x12  
  116  9:15  Barracks Reactor  
  116  9:16  Barracks Reactor x2  
  106  9:29  Marine  
  106  9:30  Marine x7  
  106  9:31  SCV x4  
  100  9:42  Terran Infantry Armor Level 1, Terran Infantry Weapons Level 1  
  100  9:43  SCV x4  
  99  9:55  SCV  
  99  9:57  SCV x2  
  103  10:04  Command Center  
  103  10:05  Terran Vehicle Weapons Level 1  
  103  10:06  Supply Depot  
  102  10:07  SCV  
  102  10:08  Supply Depot  
  102  10:09  SCV x2  
  102  10:10  Medivac  
  102  10:11  Medivac x3  
  102  10:14  Marine x5  
  114  10:15  Marine x2  
  114  10:19  SCV  
  121  10:21  SCV x2  
  123  10:31  SCV, Planetary Fortress  
  123  10:33  SCV x2  
  126  10:40  Medivac x3  
  126  10:41  Medivac  
  123  10:43  SCV  
  123  10:44  Command Center  
  123  10:45  SCV  
  123  10:48  Marine x8  
  123  10:49  Marine x9  
  122  10:55  SCV x2  
  122  10:56  Barracks  
  124  10:57  SCV  
  124  11:01  Fusion Core  
  124  11:02  Barracks  
  125  11:06  Marine x2  
  125  11:08  SCV x3  
  125  11:10  Marine x13, SCV  
  144  11:17  Sensor Tower  
  144  11:19  Marine  
  144  11:20  Marine  
  144  11:23  Sensor Tower  
  144  11:24  Marine  
  147  11:27  SCV x4  
  147  11:29  Medivac x3  
  157  11:39  SCV  
  158  11:40  Marine x5  
  158  11:42  Missile Turret  
  158  11:47  Terran Infantry Weapons Level 2  
  163  11:49  Terran Infantry Armor Level 2  
  163  11:55  Marine x6  
  169  12:07  Marine  
  169  12:08  Marine x7  
  160  12:13  Marine x7  
  160  12:14  Marine x4  
  162  12:25  Marine x5  
  131  12:42  Caduceus Reactor  
  131  12:46  Barracks Reactor  
  131  12:55  Marine  
  131  12:56  Marine x16  
  131  12:57  Medivac x3  
  154  13:13  Marine x7  
  154  13:17  Barracks Tech Lab  
  161  13:23  Command Center  
  139  13:54  Marine x10  
  139  13:55  Marine x2  
  148  14:09  Marine  
  148  14:10  Marine x2  
  148  14:11  Marine  
  128  14:28  Marauder  
  128  14:30  Terran Infantry Weapons Level 3  
  87  14:33  Starport  
  87  14:35  Starport x2  
  85  14:41  Terran Ship Weapons Level 1  
  85  14:47  Command Center  
  85  14:50  Marauder  
  87  15:02  Liberator x2  
  93  15:11  Starport Tech Lab x3  
  93  15:22  Neosteel Armor  
  93  15:36  Battlecruiser x3  
  94  16:06  Planetary Fortress  
Show
View Real Time Build Order
Export as new Build Order

LigerMaNN Zerg - Winner!

Build Orders: Hatch First 

Get SALT Encoding   

  12  0:03  Drone  
  13  0:13  Overlord  
  13  0:16  Drone  
  14  0:36  Drone x2  
  14  0:39  Drone  
  17  0:51  Hatchery  
  17  0:54  Drone  
  17  0:58  Drone  
  18  1:10  Extractor  
  17  1:13  Spawning Pool  
  17  1:16  Drone  
  17  1:21  Drone  
  18  1:30  Drone  
  19  1:40  Overlord  
  19  2:04  Zergling x6, Queen x2  
  26  2:17  Drone x2  
  28  2:23  Metabolic Boost  
  28  2:31  Drone x2  
  30  2:43  Hatchery  
  29  2:50  Overlord  
  29  2:59  Drone x3  
  29  3:00  Drone  
  33  3:11  Drone x3  
  38  3:22  Queen  
  38  3:24  Pneumatized Carapace  
  38  3:27  Drone x2  
  38  3:30  Drone  
  38  3:32  Drone  
  42  3:39  Overlord x2  
  41  3:50  Drone x2  
  41  3:54  Overlord  
  42  4:10  Drone x6  
  42  4:11  Drone  
  49  4:24  Drone  
  49  4:25  Drone x5, Hatchery  
  54  4:32  Lair  
  54  4:41  Evolution Chamber x2  
  54  4:43  Drone  
  54  4:44  Drone x4, Baneling Nest  
  56  4:51  Queen  
  58  4:55  Drone x3  
  61  5:10  Zerg Melee Weapons Level 1, Extractor  
  61  5:11  Extractor  
  59  5:15  Drone x9  
  68  5:40  Drone x2  
  68  5:41  Drone x7  
  68  5:42  Hatchery  
  76  5:46  Extractor  
  76  5:47  Extractor  
  74  5:59  Zerg Ground Armor Level 1  
  74  6:00  Centrifugal Hooks  
  74  6:04  Drone x6  
  74  6:10  Extractor  
  79  6:16  Spore Crawler x2  
  79  6:17  Drone x4, Spore Crawler x2  
  79  6:18  Drone  
  80  6:20  Overlord x5  
  80  6:21  Overlord x5  
  80  6:36  Zergling x2  
  80  6:37  Overlord x2  
  80  6:38  Overlord x4  
  80  6:40  Queen  
  82  6:54  Zergling x22  
  82  6:57  Zergling x6  
  96  7:09  Drone, Extractor  
  96  7:10  Drone x2  
  96  7:11  Drone x3, Extractor  
  96  7:13  Drone x2  
  102  7:17  Hydralisk Den  
  102  7:18  Infestation Pit  
  102  7:20  Baneling x11  
  102  7:21  Baneling x19  
  100  7:31  Zergling x12  
  100  7:32  Zergling x16  
  100  7:34  Queen  
  108  7:47  Muscular Augments  
  108  7:50  Hydralisk  
  108  7:51  Hydralisk x7  
  124  8:01  Zerg Melee Weapons Level 2  
  124  8:04  Zergling x22  
  135  8:17  Hydralisk x5, Hive  
  145  8:22  Zergling x10  
  145  8:23  Zergling x2  
  149  8:51  Grooved Spines  
  149  8:53  Drone x3  
  149  8:54  Drone  
  153  8:56  Drone x2  
  153  8:57  Drone  
  140  9:07  Drone x8  
  140  9:08  Drone x3  
  130  9:43  Drone x4  
  116  9:47  Drone  
  116  9:48  Drone x12  
  128  10:03  Queen x4  
  136  10:20  Ultralisk Cavern  
  135  10:23  Spire  
  135  10:27  Zerg Melee Weapons Level 3  
  134  10:29  Adrenal Glands  
  134  10:31  Zerg Ground Armor Level 2  
  114  10:50  Zergling x36  
  132  11:03  Drone x7  
  139  11:08  Chitinous Plating  
  139  11:30  Overseer  
  139  11:34  Baneling  
  139  11:35  Baneling x17  
  139  11:37  Ultralisk x6  
  175  11:40  Zergling x12  
  175  11:41  Zergling x24  
  185  12:27  Anabolic Synthesis  
  185  12:28  Zergling x2  
  185  12:29  Zergling x38  
  179  12:39  Zergling x2  
  179  12:40  Zergling x8  
  180  12:48  Zerg Missile Weapons Level 1  
  180  12:52  Hydralisk x5  
  180  12:54  Overlord  
  180  12:57  Overseer x3  
  190  13:04  Zerg Ground Armor Level 3  
  190  13:18  Unknown  
  190  13:31  Zerg Flyer Weapons Level 1  
  167  13:59  Zergling x50  
  167  14:00  Zergling x8  
  193  14:13  Drone  
  193  14:14  Drone x12  
  162  14:40  Hatchery  
  162  14:42  Hatchery  
  160  14:47  Baneling  
  160  14:48  Baneling x9  
  160  14:49  Ultralisk x2  
  160  14:50  Ultralisk x4  
  196  15:01  Extractor  
  196  15:02  Extractor  
  196  15:04  Spore Crawler  
  196  15:05  Spore Crawler x2  
  196  15:06  Spore Crawler  
  190  15:07  Spore Crawler  
  190  15:08  Spore Crawler  
  190  15:10  Queen  
  190  15:41  Zergling x20  
  195  16:20  Hatchery  
  194  16:27  Hydralisk x2  
  194  16:28  Hydralisk  
Tags
 
Matchup
TvZ
Replay Pack
June 2025
Spawn Locations
Cross Positions
Add a new tag
Caveats
  • Supply blocks, unpowered buildings, or Contaminate may cause inaccurate times.
  • Supply counts are checked every 10 seconds.